 Dungeon Crawl Stone Soup version 0.20.1-1-g8b1a95d (webtiles) character file.

494 dohliylev the Sneak (level 6, -2/41 HPs)
             Began as a Vampire Enchanter on Dec 9, 2017.
             Slain by a gnoll
             ... wielding a +0 flail
              (12 damage)
             ... on level 3 of the Dungeon.
             The game lasted 00:24:25 (6374 turns).

dohliylev the Sneak (Vampire Enchanter)             Turns: 6374, Time: 00:24:25

Health: -2/41      AC:  4    Str:  7    XL:     6   Next: 92%
Magic:  2/11       EV: 13    Int: 17    God:
Gold:   137        SH:  2    Dex: 17    Spells: 6/12 levels left

rFire    . . .     SeeInvis +   a - +1 dagger
rCold    . . .     Gourm    .   (no shield)
rNeg     + . .     Faith    .   b - +0 robe
rPois    +         Spirit   .   (no helmet)
rElec    .         Reflect  +   (no cloak)
rCorr    .         Harm     .   (no gloves)
MR       .....                  (no boots)
Stlth    ++++......             y - +2 amulet of reflection
Regen    0.2/turn               n - +2 ring of protection
MPRegen  0.2/turn               z - ring of poison resistance

@: no status effects
A: fangs 3, see invisible, unbreathing
a: Bat Form


You were on level 3 of the Dungeon.
You were not thirsty.

You visited 1 branch of the dungeon, and saw 4 of its levels.

You collected 137 gold pieces.

Inventory:

Hand Weapons
 a - a +1 dagger (weapon)
Armour
 b - a +0 robe (worn)
Jewellery
 n - a +2 ring of protection (left hand)
 y - a +2 amulet of reflection (around neck)
 z - a ring of poison resistance (right hand)
Wands
 o - a wand of paralysis (4/24)
Scrolls
 e - 3 scrolls of remove curse {unknown}
 f - 6 scrolls of enchant armour {unknown}
 g - a scroll of random uselessness {unknown}
 h - 3 scrolls of enchant weapon {unknown}
 j - 3 scrolls of identify {unknown}
 p - a scroll of teleportation {unknown}
 q - a scroll of amnesia {unknown}
 r - a scroll of fog {unknown}
 s - a scroll of magic mapping {unknown}
 v - a scroll of blinking {unknown}
 x - a scroll of fear {unknown}
Potions
 d - 10 potions of blood
 i - 9 potions of curing
 k - a potion of agility {unknown}
 l - a potion of degeneration {unknown}
 m - a potion of magic {unknown}
 t - a potion of cancellation {unknown}
 u - a potion of lignification {unknown}
 w - 2 potions of resistance {unknown}
Books
 c - a book of Maledictions

   Spells                             Type                      Level
   a - Corona                         Hexes                        1
   b - Ensorcelled Hibernation        Hexes/Ice                    2
   c - Confuse                        Hexes                        3
   d - Tukima's Dance                 Hexes                        3
   e - Dazzling Spray                 Conjuration/Hexes            3


   Skills:
 - Level 1.1 Short Blades
 - Level 2.1 Dodging
 + Level 7.3 Stealth
 + Level 3.8 Spellcasting
 + Level 7.0 Hexes
 + Level 2.9 Ice Magic


You had 6 spell levels left.
You knew the following spells:

 Your Spells              Type           Power        Failure   Level  Hunger
a - Corona                Hex            ####...      1%          1    None
b - Ensorcelled Hibernat  Hex/Ice        ###...       3%          2    ##.....
c - Confuse               Hex            ####....     2%          3    ###....


Dungeon Overview and Level Annotations

Branches:
Dungeon (4/15)
 Temple: D:4-7

Altars:
Dithmenos


Innate Abilities, Weirdness & Mutations

You have razor-sharp teeth.
You have supernaturally acute eyesight. (SInv)
You can survive without breathing.


Message History

Press: ? - help, Shift-Dir - straight line, f/p - gnoll
Aim: a gnoll, wielding a flail (softly glowing, chance to defeat MR: 59%)
The gnoll resists with significant effort.
Things that are here:
a robe; a dagger; a plate armour You see here 3 stones.
The gnoll stops glowing.
You see here a halberd.
You see here a spear.
You see here a club.
Things that are here:
a ring mail; a bread ration; a spear
There is a stone staircase leading up, spattered with blood here.
You hit the gnoll but do no damage. The gnoll hits you with a flail!
You barely miss the gnoll. The gnoll hits you with a flail!
* * * LOW HITPOINT WARNING * * *
You hit the gnoll.
The gnoll is lightly wounded.
The gnoll hits you with a flail!
You die...

.....#### #..##.### #........##
..O.....######.#....# #........##
......#.#.........#.# #....<.....
g.....#.#.####....#.# #........##
...####.#.........#.#############
...###....#####..........# #
#####.)..................# #
##....######)........# #
#.........g@)..###### #
#####....)...### # #..#.(..)...>#
# ##..#....)....# #
#...#(.)......#
#####..##(........#
......)[(.#########
#####)##########################
.......gg.)..............P.....#


You could see a gnoll.

Vanquished Creatures
  An orc priest (D:3)
  A gnoll shaman (D:2)
  Ijyb (D:3)
  An orc wizard (D:3)
  A worker ant (D:3)
  3 adders (D:3)
  21 gnolls (D:3)
  2 oozes
  2 worms
  2 dart slugs
  2 leopard geckos (D:2)
  5 orcs (D:3)
  A ball python (D:2)
  9 bats
  5 giant cockroaches
  6 goblins
  10 hobgoblins
  17 jackals
  4 kobolds
  A quokka (D:2)
  11 frilled lizards
  13 rats
119 creatures vanquished.

Notes
Turn   | Place    | Note
-------+----------+-------------------------------------------
     0 | D:1      | dohliylev the Vampire Enchanter began the quest for the Orb.
     0 | D:1      | Reached XP level 1. HP: 13/13 MP: 3/3
   331 | D:1      | You fall through a shaft!
   371 | D:1      | Reached XP level 2. HP: 8/19 MP: 3/5
   556 | D:1      | Learned a level 2 spell: Ensorcelled Hibernation
   789 | D:1      | Reached skill level 5 in Hexes
   893 | D:1      | Reached skill level 5 in Stealth
  1228 | D:1      | Reached XP level 3. HP: 11/24 MP: 0/6
  1991 | D:2      | Reached skill level 1 in Ice Magic
  2370 | D:3      | Noticed Ijyb
  2513 | D:2      | Reached XP level 4. HP: 30/30 MP: 0/7
  2579 | D:2      | Learned a level 3 spell: Confuse
  2624 | D:3      | Killed Ijyb
  3134 | D:3      | Reached XP level 5. HP: 35/35 MP: 6/9
  4337 | D:3      | Noticed an ogre
  4354 | D:3      | Reached XP level 6. HP: 41/41 MP: 8/11
  5117 | D:3      | Found a shadowy altar of Dithmenos.
  6374 | D:3      | Slain by a gnoll

Skill      XL: |  1  2  3  4  5  6 |
---------------+-------------------+-----
Hexes          | 5 6 7 |  7.0
Stealth        | 5 6 7 |  7.3
Ice Magic      | 1 2 |  2.9
Spellcasting   | 3 |  3.8
Short Blades   | |  1.1
Dodging        | |  2.1

Action                   |  1- 3 |  4- 6 || total
-------------------------+-------+-------++-------
Melee: Dagger            |   120 |   168 ||   288
       Bite              |     5 |     9 ||    14
       Unarmed           |       |     1 ||     1
 Cast: Corona            |     7 |    16 ||    23
       Ensorcelled Hiber |    38 |   113 ||   151
       Confuse           |       |     3 ||     3
 Abil: End Transformatio |     7 |    16 ||    23
       Bat Form          |     7 |    16 ||    23
  Use: Potion            |     2 |     5 ||     7
 Stab: Sleeping          |    34 |    58 ||    92
       Confused          |       |     1 ||     1
  Eat: Corpse            |     5 |    14 ||    19
Armor: Robe              |    28 |    32 ||    60
Dodge: Dodged            |    89 |   113 ||   202
Block: Other             |       |    10 ||    10
       Reflection        |       |     1 ||     1
